 Dungeon Crawl Stone Soup version 0.30.1-11-g7821555f0a (webtiles) character file.

Game seed: 11595155037518929526

78 Gameishard the Shooter (level 4, -4/35 HPs)
             Began as a Human Hunter on Nov 10, 2023.
             Killed by divine providence
             ... invoked by an orc priest
              (13 damage)
             ... on level 3 of the Dungeon.
             The game lasted 00:31:49 (2014 turns).

Gameishard the Shooter (Human Hunter)               Turns: 2014, Time: 00:31:50

Health: -4/35      AC:  5    Str: 11    XL:     4   Next: 61%
Magic:  4/4        EV: 11    Int:  9    God:
Gold:   133        SH:  0    Dex: 19    Spells: 3/3 levels left

rFire   + . .        a - +0 shortbow
rCold   x . .        (shield currently unavailable)
rNeg    + . .        q - +0 ring mail
rPois   .            (no helmet)
rElec   .            (no cloak)
rCorr   .            (no gloves)
SInv    .            (no boots)
Will    .....        (no amulet)
Stlth   +            j - ring of positive energy
HPRegen 0.25/turn    r - ring of fire
MPRegen 0.09/turn

%: no passive effects
@: no status effects
A: no striking features
a: no special abilities


You were on level 3 of the Dungeon.
You visited 1 branch of the dungeon, and saw 3 of its levels.

You collected 133 gold pieces.

Inventory:

Hand Weapons
 a - a +0 shortbow (weapon)
 e - a +0 dagger
 l - a +3 whip of venom
Missiles
 f - 30 stones
Armour
 c - a +0 leather armour
 g - a +0 robe
 q - a +0 ring mail (worn)
Magical Staves
 p - a staff of conjuration
Jewellery
 i - an amulet of faith
 j - a ring of positive energy (left hand)
 r - a ring of fire (right hand)
 s - a ring of resist corrosion
Scrolls
 b - a scroll of immolation
 d - 2 scrolls of identify {unknown}
 k - a scroll of fog {unknown}
 n - a scroll of teleportation {unknown}
 u - a scroll of enchant weapon {unknown}
 v - a scroll of summoning {unknown}
Potions
 m - a potion of lignification {unknown}
 o - 2 potions of might {unknown}
 t - a potion of degeneration {unknown}


   Skills:
 + Level 3.0 Fighting
 + Level 4.6 Ranged Weapons
 + Level 2.9 Dodging
 - Level 1.3 Stealth


You had 3 spell levels left.
You didn't know any spells.
Your spell library was empty.

Dungeon Overview and Level Annotations

Branches:
Dungeon (3/15)

Altars:
Vehumet

Shops:
D:1 !


Message History

You are too injured to fight recklessly!
You are too injured to fight recklessly!
Your extra speed is starting to run out.
You start resting.
You feel yourself slow down.
You start resting.
An orc priest is nearby!
You are too injured to fight recklessly!
The orc priest looks braver for a moment.
The orc priest calls down the wrath of Beogh upon you.
Beogh smites you!
* * * LOW HITPOINT WARNING * * *
Fire: a) +0 shortbow
Press: ? - help, Q - select action, (/) - cycle Shift-Dir - straight line, f - orc priest
Aim: an orc priest, wielding a +0 flail (64% to hit)
You shoot an arrow. The arrow barely misses the orc priest.
The arrow closely misses the kobold.
Fire: a) +0 shortbow
Press: ? - help, Q - select action, (/) - cycle Shift-Dir - straight line, f/p - orc priest
Aim: an orc priest, wielding a +0 flail (64% to hit)
You shoot an arrow. The arrow barely misses the orc priest.
The arrow hits the kobold!
You kill the kobold!
Your Fighting skill increases to level 3!
The orc priest attacks as you move away!
The orc priest closely misses you.
Fire: a) +0 shortbow
Press: ? - help, Q - select action, (/) - cycle Shift-Dir - straight line, f/p - orc priest
Aim: an orc priest, wielding a +0 flail (64% to hit)
You shoot an arrow. The arrow hits the orc priest!
The orc priest is almost dead.
The orc priest looks encouraged for a moment.
Fire: a) +0 shortbow
Press: ? - help, Q - select action, (/) - cycle Shift-Dir - straight line, f/p - orc priest
Aim: an orc priest, wielding a +0 flail (almost dead, 64% to hit)
You shoot an arrow. The arrow hits the orc priest.
The orc priest is almost dead.
The orc priest mumbles some strange prayers to Beogh against you.
Beogh smites you!
You die...

#.##.##.#..##.#
#.##.#..##.# ##.#
#.......##.# ....
####.#.###.######
##.#
##....##......#
#...#...#####.#
#######....#.#
#.........##.#
##.##.##########@#
...##.# #o#
#####.# #.# ##..#
#.# #...# #.#
##.## #.# #.# #)#
#.# #.#
#.###########.#


You could see an orc priest.

Vanquished Creatures
  2 adders (D:2)
  3 worms
  A dart slug (D:2)
  3 orcs (D:3)
  2 ball pythons (D:1)
  2 bats
  6 endoplasms
  2 giant cockroaches (D:2)
  5 goblins
  8 hobgoblins
  A frilled lizard (D:3)
  3 kobolds
  4 rats
42 creatures vanquished.

Notes
Turn   | Place    | Note
-------+----------+-------------------------------------------
     0 | D:1      | Gameishard the Human Hunter began the quest for the Orb.
     0 | D:1      | Reached XP level 1. HP: 16/16 MP: 1/1
   146 | D:1      | Reached XP level 2. HP: 22/22 MP: 2/2
   515 | D:1      | Found Vuqa's Distillery.
   898 | D:1      | Reached XP level 3. HP: 28/28 MP: 3/3
  1161 | D:2      | Found a radiant altar of Vehumet.
  1450 | D:2      | Reached XP level 4. HP: 34/34 MP: 4/4
  2014 | D:3      | Killed from afar by an orc priest

Illustrated notes

Levels and vault maps discovered:
D:1:      scummos_arrival_hexagon, layout_basic, serial_shops,
          nicolae_shop_waterfront
D:2:      layout_rooms, basic_altar
D:3:      layout_loops_ring, gammafunk_ghost_mausoleum

Skill      XL: |  1  2  3  4 |
---------------+-------------+-----
Fighting       | 3 |  3.0
Ranged Weapons | |  4.6
Dodging        | |  2.9
Stealth        | |  1.3

Action                     |  1- 3 |  4- 6 || total
---------------------------+-------+-------++-------
   Fire: Shortbow          |    71 |    47 ||   118
    Use: Potion            |       |     1 ||     1
 Armour: Leather armour    |     2 |       ||     2
         Ring mail         |     3 |     4 ||     7
  Dodge: Dodged            |    23 |    11 ||    34
